 Dungeon Crawl Stone Soup version 0.29.1-1-gd02db6906a (webtiles) character file.

Game seed: 4070307768510333811

107 warriortoast the Conjurer (level 4, -8/24 HPs)
             Began as a Deep Elf Conjurer on Oct 12, 2022.
             Killed by divine providence
             ... invoked by an orc priest
              (14 damage)
             ... on level 3 of the Dungeon.
             The game lasted 00:03:50 (2110 turns).

warriortoast the Conjurer (Deep Elf Conjurer)       Turns: 2110, Time: 00:03:51

Health: -8/24      AC:  5    Str:  4    XL:     4   Next: 56%
Magic:  3/13       EV: 12    Int: 31    God:
Gold:   20         SH:  0    Dex: 13    Spells: 9/13 levels left

rFire   . . .      SeeInvis .   c - +2 spear (venom)
rCold   . . .      Faith    .   (no shield)
rNeg    . . .      Spirit   .   p - +2 robe {Will+}
rPois   .          Reflect  .   l - +0 helmet
rElec   .          Harm     .   (no cloak)
rCorr   .          Rampage  .   (no gloves)
Will    +....                   (no boots)
Stlth   ++........              (no amulet)
HPRegen 0.08/turn               h - ring of wizardry
MPRegen 0.13/turn               m - +6 ring of intelligence

@: no status effects
A: no striking features
a: no special abilities


You were on level 3 of the Dungeon.
You visited 1 branch of the dungeon, and saw 3 of its levels.

You collected 119 gold pieces.
You spent 99 gold pieces at shops.

Inventory:

Hand Weapons
 c - a +2 spear of venom (weapon)
Armour
 a - a +0 robe
 l - a +0 helmet (worn)
 p - a +2 robe of willpower (worn)
Jewellery
 d - a +4 ring of evasion
 h - a ring of wizardry (left hand)
 m - a +6 ring of intelligence (right hand)
Scrolls
 e - a scroll of fog {unknown}
 f - a scroll of fear {unknown}
 i - a scroll of noise {unknown}
 o - 2 scrolls of teleportation {unknown}
 q - 2 scrolls of identify {unknown}
 s - a scroll of immolation {unknown}
 u - a scroll of enchant armour {unknown}
Potions
 b - a potion of magic
 g - 2 potions of degeneration
 j - a potion of brilliance {unknown}
 k - a potion of mutation {unknown}
 n - a potion of heal wounds {unknown}
 r - a potion of cancellation {unknown}
 t - a potion of haste {unknown}
 v - 2 potions of curing
 w - a potion of berserk rage


   Skills:
 - Level 2.4 Dodging
 - Level 2.4 Stealth
 + Level 5.1 Spellcasting
 + Level 5.6 Conjurations


You had 9 spell levels left.
You knew the following spells:

 Your Spells              Type           Power      Damage    Failure   Level
a - Magic Dart            Conj           100%       1d8       1%          1
b - Dazzling Flash        Conj/Hex       50%        N/A       1%          3

Your spell library contained the following spells:

 Spells                   Type           Power      Damage    Failure   Level
 Searing Ray              Conj           84%        2d7       1%          2
 Ensorcelled Hibernation  Hex/Ice        14%        N/A       3%          2
 Spider Form              Tmut/Pois      7%         N/A       6%          3
 Fulminant Prism          Conj/Hex       12%        3d9       7%          4
 Iskenderun's Mystic Bla  Conj/Tloc      25%        2d7       7%          4
 Anguish                  Hex/Necr       3%         N/A       21%         4


Dungeon Overview and Level Annotations

Branches:
Dungeon (3/15)

Altars:

Shops:
D:3 !


Message History

The orc shouts!
You hear a shout!
The magic dart hits the orc priest.
The orc priest is almost dead.
The magic dart hits the orc priest.
You kill the orc priest!
Your Spellcasting skill increases to level 5!
The magic dart hits the adder.
The adder is heavily wounded.
The magic dart hits the adder.
The adder is severely wounded.
The adder barely misses you.
The magic dart hits the adder!
You kill the adder!
The magic dart hits the orc.
The orc is lightly wounded.
An orc priest comes into view. It is wielding a +0 short sword.
The orc barely misses you.
The magic dart hits the orc.
The orc is moderately wounded.
The orc priest mumbles some strange prayers to Beogh against you.
Beogh smites you!
You hear a shout!
The magic dart hits the orc.
The orc is moderately wounded.
An orc wizard comes into view. It is wielding a +0 dagger.
The orc closely misses you.
The magic dart hits the orc but does no damage.
The orc is moderately wounded.
The orc wizard mumbles some strange words.
The orc wizard flickers and vanishes!
Deactivating autopickup; reactivate with Ctrl-A.
An orc comes into view. It is wielding a +0 club.
The orc barely misses you.
The orc priest calls down the wrath of Beogh upon you.
Beogh smites you!
* * * LOW HITPOINT WARNING * * *
The orc priest invokes the aid of Beogh against you.
Beogh smites you!
Ouch! That really hurt!
You die...

....#.#......###.#
....##.....<.....#
...........#+#.##
#....#...#
#....'...#
#....#..##
#....+..[..
#∩..)######.#
#...@...#
#...o...#
#####...# ####...#
#......# #......#
#......+ #....o.#
#......#


You could see an orc priest and an orc.

Vanquished Creatures
  An orc priest (D:3)
  Jessica (D:2)
  An adder (D:3)
  A worm (D:2)
  A dart slug (D:2)
  A bat (D:1)
  A giant cockroach (D:1)
  3 goblins
  2 hobgoblins (D:1)
  7 jackals
  3 quokkas
  2 ball pythons
  7 frilled lizards
  4 kobolds
  5 rats
40 creatures vanquished.

Notes
Turn   | Place    | Note
-------+----------+-------------------------------------------
     0 | D:1      | warriortoast the Deep Elf Conjurer began the quest for the
                  | Orb.
     0 | D:1      | Reached XP level 1. HP: 10/10 MP: 6/6
   233 | D:1      | Reached XP level 2. HP: 15/15 MP: 4/8
   741 | D:1      | Found a faded altar of an unknown god.
  1251 | D:2      | Reached skill level 5 in Conjurations
  1251 | D:2      | Reached XP level 3. HP: 19/19 MP: 4/10
  1255 | D:2      | Learned a level 3 spell: Dazzling Flash
  1327 | D:2      | Noticed Jessica
  1331 | D:2      | Killed Jessica
  1413 | D:2      | Identified the +1 sling "Unoch" {freeze, SInv}
  1851 | D:2      | Reached XP level 4. HP: 13/24 MP: 4/12
  2054 | D:3      | Found Taola's Distillery.
  2060 | D:3      | Bought a potion of curing for 33 gold pieces
  2060 | D:3      | Bought a potion of degeneration for 11 gold pieces
  2060 | D:3      | Bought a potion of berserk rage for 55 gold pieces
  2091 | D:3      | Reached skill level 5 in Spellcasting
  2110 | D:3      | Killed from afar by an orc priest

Illustrated notes

Levels and vault maps discovered:
D:1:      dpeg_arrival_orchard, layout_loops_ring, basic_ecumenical_altar,
          minmay_lizard_pond
D:2:      layout_loops_ring, uniq_jessica
D:3:      layout_basic, nemelex_dance_club_becter, serial_shops,
          nicolae_square_shop, shop, nicolae_shop_waterfront, shop,
          nicolae_square_shop

Skill      XL: |  1  2  3  4 |
---------------+-------------+-----
Spellcasting   | 4 5 |  5.1
Conjurations   | 5 |  5.6
Dodging        | |  2.4
Stealth        | |  2.4

Action                   |  1- 3 |  4- 6 || total
-------------------------+-------+-------++-------
 Cast: Magic Dart        |    71 |    13 ||    84
Armor: Robe              |     1 |       ||     1
Dodge: Dodged            |     1 |     4 ||     5
